 Dungeon Crawl Stone Soup version 0.24.0-123-gd5b16e6ec5 (webtiles) character file.

Game seed: 2787538527242772438, levelgen mode: deterministic

209 bl4d3 the Covered (level 5, 0/34 HPs)
             Began as a Gargoyle Fighter on Feb 13, 2020.
             Slain by a scorpion (3 damage)
             ... on level 4 of the Dungeon on Feb 14, 2020.
             The game lasted 00:04:43 (2819 turns).

bl4d3 the Covered (Gargoyle Fighter)                Turns: 2819, Time: 00:04:43

Health: 0/34       AC: 13    Str: 18    XL:     5   Next: 87%
Magic:  5/5        EV:  8    Int:  8    God:
Gold:   143        SH:  9    Dex: 13    Spells: 4/4 levels left

rFire    . . .     SeeInvis .   a - +0 war axe
rCold    . . .     Gourm    .   c - +0 shield
rNeg     + + +     Faith    .   p - +3 ring mail "Oliy" {rN++ MR+ Str-3 Dex+4}
rPois    ∞         Spirit   .   (no helmet)
rElec    +         Reflect  .   (no cloak)
rCorr    .         Harm     .   (no gloves)
MR       +....                  (no boots)
Stlth    +.........             (no amulet)
HPRegen  0.11/turn              (no ring)
MPRegen  0.09/turn              (no ring)

@: no status effects
A: negative energy resistance 1, electricity resistance, unbreathing,
petrification resistance, rot immunity, AC +4
a: no special abilities


You were on level 4 of the Dungeon.
You were not hungry.

You visited 1 branch of the dungeon, and saw 5 of its levels.

You collected 143 gold pieces.

Inventory:

Hand Weapons
 a - a +0 war axe (weapon)
Armour
 b - a +0 scale mail
 c - a +0 shield (worn)
 p - the +3 ring mail "Oliy" (worn) {rN++ MR+ Str-3 Dex+4}
   (You found it on level 4 of the Dungeon)

   It affects your strength (-3).
   It affects your dexterity (+4).
   It greatly protects you from negative energy.
   It affects your resistance to hostile enchantments.
Jewellery
 n - an uncursed ring of see invisible {unknown}
Wands
 o - a wand of polymorph (6)
Scrolls
 g - 5 scrolls of remove curse {unknown}
 h - 6 scrolls of identify {unknown}
 k - a scroll of blinking {unknown}
Potions
 d - a potion of might
 e - a potion of ambrosia {unknown}
 i - a potion of lignification {unknown}
 j - a potion of degeneration {unknown}
 l - a potion of cancellation {unknown}
 m - a potion of flight {unknown}
Comestibles
 f - 10 rations
 q - 7 chunks of flesh


   Skills:
 * Level 4.4 Fighting
 * Level 3.1 Axes
 * Level 4.5 Armour
 + Level 1.1 Dodging
 + Level 3.8 Shields


You had 4 spell levels left.
You didn't know any spells.
Your spell library was empty.

Dungeon Overview and Level Annotations

Branches:
Dungeon (5/15)
 Temple: D:4-7

Altars:
Nemelex Xobeh


Innate Abilities, Weirdness & Mutations

You are resistant to torment.
Your stone body is resilient. (AC +4)
You are immune to poison.
You resist negative energy. (rN+)
You are resistant to electric shocks. (rElec)
You can survive without breathing.
You are immune to petrification.
You are immune to rotting.


Message History

The ogre hits you with a +0 giant club.
You closely miss the ogre.
The ogre is heavily wounded.
The ogre hits you with a +0 giant club! You block the ogre's attack.
You are too injured to fight recklessly!
You hit the ogre.
The ogre is severely wounded.
You block the ogre's attack.
The scorpion stings you but does no damage.
You hit the ogre.
The ogre is severely wounded.
You hit the scorpion but do no damage. The scorpion stings you.
The ogre hits you with a +0 giant club!
* * * LOW HITPOINT WARNING * * *
You closely miss the ogre.
The ogre is severely wounded.
You closely miss the scorpion.
The scorpion stings you but does no damage.
You block the ogre's attack. The scorpion stings you.
You die...

#..................
#..#...............
#..#######.....## #
.... #####.....# ..
....
...........###+#'##
....
..................#
....
..................#
..................#
...........@O.....#
............s.....#
###...............#
#...............##
#................##
+.................#
.................#
########.........#
#......O.>#


You could see an ogre and a scorpion.

Vanquished Creatures
  A hound (D:4)
  A worker ant (D:4)
  6 adders
  3 oozes
  2 worms
  2 leopard geckos (D:1)
  An orc (D:3)
  10 bats
  3 giant cockroaches
  7 hobgoblins
  8 jackals
  11 kobolds
  3 ball pythons
  10 frilled lizards
  6 goblins
  A leopard gecko skeleton (D:4)
  9 rats
84 creatures vanquished.

Notes
Turn   | Place    | Note
-------+----------+-------------------------------------------
     0 | D:1      | bl4d3 the Gargoyle Fighter began the quest for the Orb.
     0 | D:1      | Reached XP level 1. HP: 14/14 MP: 1/1
    87 | D:1      | Reached XP level 2. HP: 19/19 MP: 2/2
   512 | D:1      | Reached XP level 3. HP: 19/23 MP: 3/3
  1222 | D:2      | Reached XP level 4. HP: 29/29 MP: 4/4
  2075 | D:3      | Reached XP level 5. HP: 33/33 MP: 5/5
  2100 | D:3      | Found a sparkling altar of Nemelex Xobeh.
  2508 | D:4      | Noticed an ogre
  2511 | D:4      | Got a distressingly furry ring mail
  2522 | D:5      | Entered Level 5 of the Dungeon
  2533 | D:5      | Identified the +3 ring mail "Oliy" {rN++ MR+ Str-3 Dex+4}
                  | (You found it on level 4 of the Dungeon)
  2594 | D:4      | Reached skill level 1 in Dodging
  2819 | D:4      | Slain by a scorpion

Levels and vault maps discovered:
D:1:      tarquinn_simple_flora_water_b, layout_basic
D:2:      layout_loops_corners, first_ration
D:3:      layout_rooms, nemelex_altar_shiori, minmay_quadrilaterals
D:4:      layout_basic
D:5:      layout_loops_corners, portal_sewer_entry_e, uniq_eustachio

Skill      XL: |  1  2  3  4  5 |
---------------+----------------+-----
Axes           | 2 3 |  3.1
Armour         | 4 |  4.5
Fighting       | 4 |  4.4
Dodging        | 1 |  1.1
Shields        | |  3.8

Action                   |  1- 3 |  4- 6 || total
-------------------------+-------+-------++-------
Melee: War axe           |   130 |   184 ||   314
  Eat: Chunk             |     1 |     6 ||     7
Armor: Scale mail        |    63 |    80 ||   143
       Ring mail         |       |    37 ||    37
Dodge: Dodged            |    32 |    57 ||    89
Block: Shield            |    77 |   129 ||   206
